 Dungeon Crawl Stone Soup version 0.22.1-1-ga44c0e5 (webtiles) character file.

34267 Lauz the Severer (level 13, -4/119 HPs)
             Began as a Minotaur Berserker on Oct 30, 2018.
             Was a High Priest of Trog.
             Killed from afar by an acid blob (8 damage)
             ... with a splash of acid
             ... on level 6 of the Lair of Beasts.
             The game lasted 00:51:46 (15538 turns).

Lauz the Severer (Minotaur Berserker)              Turns: 15538, Time: 00:51:47

Health: -4/119     AC: 14    Str: 25    XL:     13   Next: 41%
Magic:  12/12      EV:  9    Int:  6    God:    Trog [*****.]
Gold:   1182       SH:  8    Dex: 13    Spells: 12/12 levels left

rFire    . . .     SeeInvis +   J - +7 flail of Gimitt {speed, *Contam rN+ Int+2 Dex+3}
rCold    . . .     Gourm    .   A - +0 shield
rNeg     + . .     Faith    .   s - quicksilver dragon scales
rPois    .         Spirit   .   (helmet restricted)
rElec    .         Reflect  .   F - +1 cloak
rCorr    .         Harm     .   y - +2 pair of gloves
MR       +....     Clarity  +   (no boots)
Stlth    +.........             x - amulet of regeneration
HPRegen  0.69/turn              r - ring of see invisible
MPRegen  0.13/turn              T - +2 ring of protection

@: corroded, very slightly contaminated
A: retaliatory headbutt, horns 2, blurry vision 1, clarity, weak 1
a: Berserk, Trog's Hand, Brothers in Arms, Renounce Religion


You were on level 6 of the Lair of Beasts.
You worshipped Trog.
Trog was extremely pleased with you.
You were not hungry.

You visited 2 branches of the dungeon, and saw 19 of its levels.
You also visited: Bailey.

You collected 1182 gold pieces.

Inventory:

Hand Weapons
 f - a +2 war axe of chopping
 t - a +1 flail of protection
 u - a +2 battleaxe of electrocution
 E - a +1 great mace of holy wrath
 J - the +7 flail of Gimitt (weapon) {speed, *Contam rN+ Int+2 Dex+3}
   (You found it on level 9 of the Dungeon)

   Attacks with this weapon are significantly faster.
   It affects your intelligence (+2).
   It affects your dexterity (+3).
   It protects you from negative energy.
   It causes magical contamination when unequipped.
 N - a +4 antimagic broad axe
 Z - the +9 executioner's axe "Ankigrya" {chop, *Contam +Blink +Inv Str-5}
   (Trog gifted it to you on level 6 of the Lair of Beasts)

   It inflicts extra damage upon your enemies.
   It affects your strength (-5).
   It lets you turn invisible.
   It lets you blink.
   It causes magical contamination when unequipped.
Missiles
 U - 67 tomahawks of returning (quivered)
Armour
 j - a +2 chain mail of magic resistance
 p - the +2 leather armour of Bozxuik {rElec rF- MR++}
   (You found it on level 4 of the Dungeon)

   It makes you vulnerable to fire.
   It insulates you from electricity.
   It affects your resistance to hostile enchantments.
 s - quicksilver dragon scales (worn)
 y - a +2 pair of gloves (worn)
 A - a +0 shield (worn)
 F - a +1 cloak (worn)
Jewellery
 r - a ring of see invisible (left hand)
 x - an amulet of regeneration (around neck)
 M - an uncursed amulet of the acrobat
 T - a +2 ring of protection (right hand)
Wands
 a - a wand of clouds (4)
 k - a wand of random effects (16)
 C - a wand of disintegration (27)
 G - a wand of acid (5)
 I - a wand of flame (40)
 K - a wand of scattershot (6)
 L - a wand of polymorph (24)
 O - a wand of paralysis (14)
 P - a wand of enslavement (19)
Scrolls
 b - a scroll of holy word
 g - 13 scrolls of identify
 h - 7 scrolls of remove curse
 n - 3 scrolls of magic mapping
 o - 4 scrolls of immolation
 q - 7 scrolls of teleportation
 B - 4 scrolls of fear
 Q - a scroll of noise {unknown}
 V - 4 scrolls of fog
 W - 3 scrolls of blinking {unknown}
 X - a scroll of silence {unknown}
 Y - a scroll of enchant weapon
Potions
 d - 13 potions of curing {unknown}
 e - 4 potions of agility
 i - 4 potions of magic {unknown}
 l - 4 potions of haste {unknown}
 m - 3 potions of resistance {unknown}
 v - 7 potions of degeneration {unknown}
 w - 6 potions of mutation {unknown}
 z - 2 potions of invisibility {unknown}
 D - 2 potions of might
 H - a potion of flight {unknown}
 R - 3 potions of heal wounds {unknown}
 S - a potion of experience {unknown}
Comestibles
 c - 33 rations


   Skills:
 - Level 12.6 Fighting
 * Level 19.5 Axes
 - Level 0.7 Throwing
 * Level 12.8 Armour
 * Level 2.5 Dodging
 - Level 1.6 Stealth
 - Level 0.2 Shields


You had 12 spell levels left.
You didn't know any spells.
Your spell library was empty.

Dungeon Overview and Level Annotations

Branches:
Dungeon (13/15)            Temple (0/1) D:7            Lair (6/6) D:10
  Snake (0/4) Lair:4          Orc (0/2) D:12         Vaults (0/5) D:13
  Swamp: Lair:2-4    Shoals: Lair:2-4     Slime: Lair:5-6

Altars:
Cheibriados
Dithmenos
Fedhas
Hepliaklqana
Makhleb
Nemelex Xobeh
Trog
Wu Jian
Xom
Zin
The Shining One

Shops:
D:9 [   D:12 }

Annotations:
Lair:3 1 runed door, Lauz's ghost, journeyman MiBe; Rupert
Lair:5 exclusion: oklob plant


Innate Abilities, Weirdness & Mutations

You reflexively headbutt those who attack you in melee.
You have a pair of horns on your head.
Scrolls take you a little longer to read.
You possess an exceptional clarity of mind.
You are weak. (Str -2)


Message History

Really read with blurry vision while enemies are nearby?
Uppercase [Y]es or [N]o only, please.
Really read with blurry vision while enemies are nearby?
The acid blob jiggles.
The acid blob hits you!
* * * LOW HITPOINT WARNING * * *
The acid corrodes you!
You are splashed with acid!
The acid burns!
* * * LOW HITPOINT WARNING * * *
You begin reading the scroll.
You continue reading the scroll.
The five-headed hydra bites you but does no damage.
You block the five-headed hydra's attack.
The five-headed hydra bites you.
* * * LOW HITPOINT WARNING * * *
The five-headed hydra bites you!
* * * LOW HITPOINT WARNING * * *
The five-headed hydra bites you.
* * * LOW HITPOINT WARNING * * *
The acid blob spits acid at you. The splash of acid hits you!
You die...

..P#......##
.#.P.......#
.......=..#
#.#.P.....###
###.#.#.......#
##....#.P.....###
#......P........#.
#.........J.......
.........D@.......
..................
#................P
#..............#..
..................
#.................
........#..#..P...
..................


You could see an acid blob and a five-headed hydra.

Vanquished Creatures
  Josephine (D:11)
  3 hydras
  4 vault guards (D:13)
  The ghost of Danetta the Fighter, a journeyman GrBe of Trog (D:11)
  4 two-headed ogres
  2 unseen horrors
  Pikel (D:4)
  2 deep elf magi (D:13)
  2 black mambas
  2 gargoyles
  Psyche (D:8)
  4 spiny frogs
  A centaur skeleton (D:13)
  The ghost of emiel the Martial Artist, a novice OpFi of Cheibriados (D:5)
  3 rime drakes
  3 komodo dragons
  2 trolls
  6 hippogriffs
  11 blink frogs
  A shadow (D:11)
  4 wraiths (D:11)
  13 yaks
  2 basilisks
  A wyvern (D:13)
  A hungry ghost (D:11)
  Menkaure (D:7)
  3 nagas (Lair:4)
  10 water moccasins
  12 porcupines
  2 black bears (D:10)
  4 orc warriors
  4 ice beasts
  A necrophage (D:6)
  6 ogres
  A phantom (D:11)
  7 centaurs
  9 wolves
  5 crocodiles
  A big kobold (D:9)
  19 bullfrogs
  A wyvern zombie (D:9)
  A wyvern skeleton (D:8)
  3 scorpions
  4 killer bees (D:10)
  5 wights (D:9)
  2 jellies
  4 howler monkeys
  6 crimson imps
  A centaur zombie (D:8)
  9 orc priests
  4 bullfrog zombies
  2 bullfrog skeletons
  7 hounds
  14 orc wizards
  Ijyb (D:3)
  Natasha (thrice) (D:3)
  6 worker ants
  A hound skeleton (D:11)
  Robin (D:2)
  2 worker ant zombies
  20 gnolls
  10 adders
  3 shadow imps
  An ooze (Lair:5)
  An adder skeleton (D:6)
  2 worms (D:4)
  3 leopard geckos
  33 orcs
  5 giant cockroaches
  23 goblins
  25 hobgoblins
  13 jackals
  2 quokkas
  A ball python (D:2)
  8 bats
  2 frilled lizards
  18 kobolds
  2 leopard gecko skeletons
  A quokka skeleton (D:4)
  5 rats
  A fungus (Lair:4)
417 creatures vanquished.

Vanquished Creatures (collateral kills)
  4 vault guards (D:13)
  An ugly thing (D:13)
  A worker ant (D:13)
  An orc (D:13)
7 creatures vanquished.

Vanquished Creatures (others)
  6 fungi
  2 plants
8 creatures vanquished.

Grand Total: 432 creatures vanquished

Notes
Turn   | Place    | Note
-------+----------+-------------------------------------------
     0 | D:1      | Lauz the Minotaur Berserker began the quest for the Orb.
     0 | D:1      | Reached XP level 1. HP: 19/19 MP: 0/0
    46 | D:1      | Reached skill level 4 in Axes
   173 | D:1      | Reached XP level 2. HP: 20/27 MP: 1/1
   506 | D:1      | Reached ** piety under Trog
   628 | D:2      | Reached XP level 3. HP: 33/33 MP: 2/2
   629 | D:2      | Noticed Robin
   639 | D:2      | Reached skill level 5 in Axes
   640 | D:2      | Killed Robin
   860 | D:2      | Reached XP level 4. HP: 36/41 MP: 3/3
  1106 | D:2      | Reached skill level 6 in Axes
  1187 | D:2      | Reached *** piety under Trog
  1210 | D:2      | Found a glowing silver altar of Zin.
  1592 | D:3      | Noticed Natasha
  1597 | D:3      | Killed Natasha
  1597 | D:3      | Reached XP level 5. HP: 47/47 MP: 4/4
  1753 | D:3      | Noticed Natasha
  1769 | D:3      | Killed Natasha
  2174 | D:3      | Noticed Ijyb
  2183 | D:3      | Killed Ijyb
  2300 | D:3      | Noticed Natasha
  2307 | D:3      | Killed Natasha
  2307 | D:3      | Reached skill level 7 in Axes
  2627 | D:3      | Found a shadowy altar of Dithmenos.
  2898 | D:4      | Noticed a slave
  2898 | D:4      | Noticed Pikel
  2898 | D:4      | Noticed a slave
  2899 | D:4      | Noticed a slave
  2899 | D:4      | Noticed a slave
  2900 | D:4      | Found a blossoming altar of Fedhas.
  2916 | D:4      | Killed Pikel
  2916 | D:4      | Reached skill level 5 in Fighting
  2916 | D:4      | Reached skill level 9 in Axes
  2916 | D:4      | Reached skill level 1 in Stealth
  2916 | D:4      | Reached XP level 6. HP: 37/56 MP: 5/5
  2916 | D:4      | Reached XP level 7. HP: 40/61 MP: 6/6
  3257 | D:4      | Got a heavily runed leather armour
  3268 | D:4      | Identified the +2 leather armour of Bozxuik {rElec rF-
                  | MR++} (You found it on level 4 of the Dungeon)
  3379 | D:4      | Found a shimmering altar of Xom.
  3380 | D:4      | Found a shimmering altar of Xom.
  3381 | D:4      | Found a shimmering altar of Xom.
  3717 | D:4      | Found a glowing golden altar of the Shining One.
  3955 | D:5      | Entered Level 5 of the Dungeon
  4020 | D:5      | Reached skill level 10 in Axes
  4129 | D:5      | Found a runed door.
  4130 | D:5      | Noticed a hippogriff
  4130 | D:5      | Noticed emiel's ghost (novice OpFi)
  4139 | D:5      | Killed a hippogriff
  4139 | D:5      | Reached XP level 8. HP: 60/70 MP: 7/7
  4151 | D:5      | Killed emiel's ghost
  4151 | D:5      | Reached skill level 11 in Axes
  4502 | D:5      | Found a burning altar of Makhleb.
  4712 | D:5      | Reached skill level 12 in Axes
  4762 | D:6      | Reached **** piety under Trog
  4861 | D:6      | Reached XP level 9. HP: 67/79 MP: 8/8
  5604 | D:7      | Found an ornate altar of the Wu Jian Council.
  5645 | D:7      | Found a staircase to the Ecumenical Temple.
  5672 | D:7      | Noticed Menkaure
  5679 | D:7      | Killed Menkaure
  5965 | D:7      | Reached skill level 13 in Axes
  6345 | D:7      | Reached ***** piety under Trog
  6618 | D:8      | Noticed Psyche
  6624 | D:8      | Killed Psyche
  6745 | D:8      | Found a shadowy altar of Dithmenos.
  6745 | D:8      | Found a hazy altar of Hepliaklqana.
  6746 | D:8      | Found a snail-covered altar of Cheibriados.
  6796 | D:8      | Reached skill level 14 in Axes
  6799 | D:8      | Reached skill level 5 in Armour
  7050 | D:8      | Found a sparkling altar of Nemelex Xobeh.
  7211 | D:8      | You fall through a shaft!
  7349 | D:9      | Got a warped flail
  7350 | D:9      | Identified the +7 flail of Gimitt {speed, *Contam rN+ Int+2
                  | Dex+3} (You found it on level 9 of the Dungeon)
  7490 | D:9      | Reached XP level 10. HP: 84/88 MP: 9/9
  7819 | D:9      | Found Qogaschofiu's Armour Shop.
  8423 | D:10     | Entered Level 10 of the Dungeon
  8462 | D:10     | Noticed a gargoyle
  8469 | D:10     | Killed a gargoyle
  8506 | D:10     | Noticed an unseen horror
  8507 | D:10     | Reached skill level 15 in Axes
  8518 | D:10     | Killed an unseen horror
  8668 | D:10     | Found a staircase to the Lair.
  9083 | D:10     | Received a gift from Trog
  9140 | D:10     | Gained mutation: Scrolls take you a little longer to read.
                  | [mutagenic glow]
  9229 | D:11     | Found a large runed door.
  9229 | D:11     | Found a large runed door.
  9330 | D:11     | Reached XP level 11. HP: 75/95 MP: 3/10
  9507 | D:11     | Noticed a two-headed ogre
  9517 | D:11     | Killed a two-headed ogre
  9691 | D:11     | Reached skill level 16 in Axes
  9749 | D:11     | Noticed Josephine
  9764 | D:11     | Killed Josephine
  9911 | D:11     | Noticed Danetta's ghost (journeyman GrBe)
  9935 | D:11     | Killed Danetta's ghost
 10036 | D:12     | Noticed a two-headed ogre
 10046 | D:12     | Killed a two-headed ogre
 10046 | D:12     | Reached skill level 10 in Fighting
 10076 | D:12     | Found Yghamuz's Gadget Shop.
 10110 | D:12     | Noticed a two-headed ogre
 10118 | D:12     | Killed a two-headed ogre
 10118 | D:12     | Reached skill level 17 in Axes
 10129 | D:12     | Found a flagged portal.
 10143 | Bailey   | Entered a bailey
 10668 | D:12     | Noticed a cyan ugly thing
 10669 | D:12     | Noticed a seven-headed hydra
 10686 | D:13     | Killed a cyan ugly thing
 10686 | D:13     | Reached skill level 10 in Armour
 10786 | D:13     | Noticed a deep elf mage
 10799 | D:13     | Killed a deep elf mage
 10894 | D:13     | Noticed a deep elf mage
 10896 | D:13     | Killed a deep elf mage
 10932 | D:13     | Noticed a two-headed ogre
 10946 | D:13     | Killed a two-headed ogre
 10946 | D:13     | Reached XP level 12. HP: 51/107 MP: 3/11
 11134 | D:13     | Found a gate to the Vaults.
 11134 | D:13     | Noticed a vault guard
 11134 | D:13     | Noticed a vault guard
 11134 | D:13     | Noticed a vault guard
 11134 | D:13     | Noticed a vault guard
 11134 | D:13     | Noticed a vault guard
 11134 | D:13     | Noticed a vault guard
 11135 | D:13     | Noticed a vault guard
 11136 | D:13     | Noticed a vault guard
 11144 | D:13     | Killed a vault guard
 11148 | D:13     | Killed a vault guard
 11149 | D:13     | Killed a vault guard
 11149 | D:13     | Reached skill level 18 in Axes
 11155 | D:13     | Killed a vault guard
 11160 | D:13     | Killed a vault guard
 11169 | D:13     | Killed a vault guard
 11181 | D:13     | Killed a vault guard
 11181 | D:13     | Received a gift from Trog
 11197 | D:13     | Killed a vault guard
 11468 | D:12     | Killed a seven-headed hydra
 11616 | Lair:1   | Entered Level 1 of the Lair of Beasts
 11972 | Lair:1   | Reached skill level 19 in Axes
 13337 | Lair:3   | Reached XP level 13. HP: 113/117 MP: 12/12
 13423 | Lair:3   | Noticed Rupert
 13427 | Lair:3   | Found a runed door.
 13427 | Lair:3   | Noticed Lauz's ghost (journeyman MiBe)
 13751 | Lair:4   | Found a staircase to the Snake Pit.
 14781 | Lair:5   | Gained mutation: You are weak. (Str -2) [mutagenic glow]
 15138 | Lair:5   | Found a bloodstained altar of Trog.
 15256 | Lair:6   | Entered Level 6 of the Lair of Beasts
 15265 | Lair:6   | Received a gift from Trog
 15268 | Lair:6   | Got a crude executioner's axe {god gift}
 15271 | Lair:6   | Identified the +9 executioner's axe "Ankigrya" {chop,
                  | *Contam +Blink +Inv Str-5} (Trog gifted it to you on level
                  | 6 of the Lair of Beasts)
 15363 | Lair:6   | Noticed an acid blob
 15390 | Lair:5   | Gained mutation: You possess an exceptional clarity of
                  | mind. [mutagenic glow]
 15538 | Lair:6   | HP: 4/119 [five-headed hydra (5)]
 15538 | Lair:6   | Killed from afar by an acid blob

Skill      XL: |  1  2  3  4  5  6  7  8  9 10 11 12 13 |
---------------+----------------------------------------+-----
Axes           | 4 5 6 9 10 12 14 15 17 19 | 19.5
Fighting       | 4 5 6 7 8 10 11 12 | 12.6
Stealth        | 1 |  1.6
Armour         | 3 5 8 10 11 12 | 12.8
Throwing       | |  0.7
Dodging        | |  2.5
Shields        | |  0.2

Action                   |  1- 3 |  4- 6 |  7- 9 | 10-12 | 13-15 || total
-------------------------+-------+-------+-------+-------+-------++-------
Melee: Hand axe          |    76 |    68 |    34 |       |       ||   178
       Headbutt          |     8 |    12 |    49 |   132 |    58 ||   259
       War axe           |       |       |   228 |       |       ||   228
       Flail             |       |       |    10 |   282 |   160 ||   452
       Broad axe         |       |       |       |   263 |    15 ||   278
       Executioner's axe |       |       |       |       |     1 ||     1
Throw: Tomahawk          |       |       |       |       |     4 ||     4
Invok: Berserk           |     2 |     2 |     1 |     3 |       ||     8
       Trog's Hand       |       |       |       |     2 |       ||     2
       Brothers in Arms  |       |       |       |     2 |       ||     2
Evoke: Wand              |       |       |       |       |     2 ||     2
  Use: Scroll            |       |       |    12 |    11 |     1 ||    24
 Stab: Sleeping          |       |     1 |       |       |       ||     1
       Distracted        |       |       |       |     1 |       ||     1
  Eat: Chunk             |     1 |     7 |    11 |    26 |     5 ||    50
       Ration            |       |       |     2 |       |     1 ||     3
Armor: Animal skin       |     8 |       |       |       |       ||     8
       Leather armour    |       |    10 |     2 |       |       ||    12
       Quicksilver drago |       |       |   105 |   287 |   124 ||   516
Dodge: Dodged            |    44 |    42 |   105 |   163 |    68 ||   422
Block: Shield            |       |       |    39 |   177 |    37 ||   253
